AoeStats
← Red Hood

Baltic

510539521Analyzed
4v4 RM · 18h ago on Oct 1, 2026· 45m 25s· 8 players
Game mode
Random Map
Map size
Large (8 player)
Population
200
Speed
Normal
Resources
Standard
Victory
Conquest
Starting age
Dark Age
Ending age
Imperial Age
RankedLock teamsTeams togetherTeam positionsShared explorationLock speedFull tech treeHidden civsTurbo modeCheats
Victory
Defeat
🇪🇸 Spanish · Spain
754
+10
🇨🇳 Byzantines · China
699
+12
🇨🇳 Khmer · China
676
+13
🇨🇳 Chinese · China
653
+15
🇵🇱 Turks · Poland
699
-15
🇺🇦 Persians · Ukraine
663
-14
🇯🇵 Vietnamese · Japan
597
-12
🇷🇸 Dravidians · Serbia
513
-9
He
5:19 Loom
13:22 Feudal Age
15:56 Double-Bit Axe
18:29 Gold Mining
18:29 Stone Mining
21:34 Castle Age
19:19 Horse Collar
19:45 Stone Mining
20:04 Gold Mining
32:48 Imperial Age
31:30 Stone Shaft Mining
31:30 Gold Shaft Mining
31:12 Bow Saw
31:50 Wheelbarrow
32:08 Heavy Plow
32:58 Hand Cart
33:21 Caravan
33:37 Forging
33:35 Scale Barding Armor
34:20 Crop Rotation
35:09 Iron Casting
35:30 Town Watch
36:12 Conscription
36:51 Chain Barding Armor
37:32 Blast Furnace
36:34 Husbandry
36:46 Bloodlines
36:10 Elite War Elephant
38:28 Plate Barding Armor
38:08 Guilds
43:26 Fletching
Asalen
3:34 Loom
12:53 Feudal Age
14:11 Wheelbarrow
13:22 Double-Bit Axe
13:20 Horse Collar
13:21 Fishing Lines
13:47 Town Watch
16:50 Stone Mining
17:19 Gold Mining
19:30 Man-at-Arms
19:56 Arson
24:39 Castle Age
24:45 Bloodlines
24:47 Forging
24:37 Scale Mail Armor
24:42 Scale Barding Armor
24:27 Fletching
24:38 Padded Archer Armor
25:45 Hand Cart
25:37 Gillnets
26:09 Medium Warships
27:17 Bow Saw
27:44 Town Patrol
30:51 Fortified Wall
30:22 Treadmill Crane
32:14 Careening
32:15 Clinker Construction
32:10 Siphons
32:21 Careening
32:22 Clinker Construction
32:41 Ballistics
32:17 Murder Holes
32:33 Masonry
32:59 Long Swordsman
33:40 Squires
33:26 Arson
33:03 Crossbowman
35:13 Caravan
35:32 Heavy Plow
38:59 Husbandry
39:06 Thumb Ring
41:26 Heated Shot
44:34 Imperial Age
ema.frigo
7:36 Loom
10:36 Feudal Age
17:35 Gold Mining
17:38 Stone Mining
20:20 Castle Age
18:23 Double-Bit Axe
21:15 Medium Warships
20:47 Fishing Lines
22:10 Gillnets
32:42 Careening
32:42 Clinker Construction
32:37 Siphons
32:30 Heated Shot
Jawaharlal NEHRU
9:47 Loom
12:29 Feudal Age
13:29 Horse Collar
13:36 Double-Bit Axe
18:14 Fishing Lines
21:05 Castle Age
20:31 Gold Mining
20:46 Fletching
20:56 Padded Archer Armor
23:43 Stone Mining
24:05 Bow Saw
24:48 Wheelbarrow
24:11 Treadmill Crane
24:52 Ballistics
25:18 Town Watch
26:25 Caravan
28:07 Hand Cart
28:01 Crossbowman
30:22 Forging
30:18 Scale Barding Armor
29:37 Elite Skirmisher
30:24 Thumb Ring
31:20 Masonry
35:52 Imperial Age
33:46 Pikeman
34:28 Squires
35:58 Sanctity
36:04 Bloodlines
35:55 Husbandry
37:10 Paper Money
38:55 Two-Man Saw
37:59 Heavy Plow
37:34 Arbalester
37:35 Imperial Skirmisher
38:20 Gillnets
38:14 Halberdier
39:03 Scale Mail Armor
40:39 Chemistry
40:43 Hoardings
42:36 Elite Battle Elephant
pauss33
12:14 Feudal Age
11:08 Loom
13:43 Wheelbarrow
12:57 Double-Bit Axe
22:18 Castle Age
20:48 Horse Collar
21:03 Gold Mining
21:14 Stone Mining
22:37 Scale Barding Armor
22:46 Bloodlines
23:28 Hand Cart
23:17 Heavy Plow
23:30 Bow Saw
24:08 Stone Shaft Mining
24:25 Husbandry
28:48 Chain Barding Armor
33:58 Caravan
40:16 Pikeman
40:57 Squires
47:24 Imperial Age
Red Hood
10:50 Loom
13:38 Feudal Age
15:34 Double-Bit Axe
19:18 Castle Age
19:47 Stone Mining
25:15 Horse Collar
28:39 Gold Mining
30:51 Gold Shaft Mining
33:01 Imperial Age
31:57 Wheelbarrow
33:05 Forging
33:01 Scale Barding Armor
34:01 Ballistics
33:41 Murder Holes
33:57 Fortified Wall
33:58 Masonry
34:10 Bow Saw
35:11 Bloodlines
35:06 Husbandry
37:07 Stone Shaft Mining
38:23 Chemistry
38:13 Guard Tower
38:12 Light Cavalry
38:58 Hussar
40:11 Double Crossbow
40:32 Heavy Scorpion
43:23 Iron Casting
43:09 Chain Barding Armor
43:36 Hand Cart
46:20 Keep
WINGER
11:32 Feudal Age
17:18 Castle Age
15:27 Double-Bit Axe
15:38 Horse Collar
17:00 Gold Mining
17:03 Stone Mining
17:31 Fishing Lines
18:48 Bow Saw
19:25 Heavy Plow
24:17 Gillnets
27:07 Imperial Age
25:18 Gold Shaft Mining
25:19 Stone Shaft Mining
25:48 Medium Warships
26:13 Fletching
28:57 Two-Man Saw
28:03 Bodkin Arrow
30:09 Chemistry
29:12 Bracer
29:56 Padded Archer Armor
30:20 Ballistics
30:55 Leather Archer Armor
32:26 Wheelbarrow
32:24 Ring Archer Armor
32:58 Heavy Warships
32:48 Masonry
33:02 Shipwright
32:53 Clinker Construction
33:57 Hand Cart
35:23 Loom
36:34 Caravan
37:11 Masonry
39:50 Careening
40:11 Architecture
40:38 Rocketry
40:38 Conscription
42:05 Elite Chu Ko Nu
zero
4:31 Loom
4:45 Loom
14:29 Feudal Age
16:38 Fishing Lines
18:12 Double-Bit Axe
24:48 Castle Age
25:43 Gillnets
26:08 Medium Warships
31:41 Treadmill Crane
32:25 Bow Saw
34:55 Imperial Age
33:26 Gold Mining
34:43 Scale Barding Armor
34:53 Careening
36:14 Wheelbarrow
36:01 Clinker Construction
36:59 Two-Man Saw
36:58 Greek Fire
37:27 Siphons
37:52 Hand Cart
38:09 Conscription
38:40 Heavy Warships
38:58 Gold Shaft Mining
38:56 Chain Barding Armor
39:10 Carvel Hull
42:53 Dry Dock
43:06 Guilds
Connection lost

Rejoining the realm…

Still unreachable

The connection could not be restored.

Session expired

The server has moved on; the page needs a fresh start.